AoeStats
← VGL.Clown

African Clearing

506084564Analyzed
3v3 RM · 21d ago on Sep 12, 2026· 34m 40s· 6 players
Game mode
Random Map
Map size
Normal (6 player)
Population
200
Speed
Normal
Resources
Standard
Victory
Conquest
Starting age
Dark Age
Ending age
Imperial Age
RankedLock teamsTeams togetherTeam positionsShared explorationLock speedFull tech treeHidden civsTurbo modeCheats
Victory
Defeat
🇰🇷 Magyars · South Korea
1106
+11
🇪🇸 Koreans · Spain
1083
+12
🇫🇷 Huns · France
956
+16
🇩🇪 Romans · Germany
988
-13
🇬🇧 Bohemians · United Kingdom
985
-13
🇩🇪 Ethiopians · Germany
982
-13
VGL.Gebrüder
11:20 Loom
13:58 Feudal Age
22:51 Castle Age
23:41 Castle Age
21:54 Scale Mail Armor
23:26 Forging
25:07 Chain Mail Armor
25:36 Horse Collar
27:38 Iron Casting
27:43 Squires
34:37 Arson
VGL.NICO
11:45 Loom
13:48 Feudal Age
18:36 Castle Age
17:05 Double-Bit Axe
18:50 Crossbowman
21:50 Fletching
22:01 Padded Archer Armor
23:19 Wheelbarrow
32:32 Town Watch
34:41 Ballistics
34:55 Bodkin Arrow
35:16 Leather Archer Armor
VGL.Clown
3:44 Loom
11:55 Feudal Age
13:09 Town Watch
18:53 Castle Age
17:06 Scale Mail Armor
18:07 Man-at-Arms
19:08 Long Swordsman
20:07 Squires
23:44 Chain Mail Armor
24:41 Forging
29:16 Horse Collar
KIM JONG UN
15:19 Feudal Age
20:49 Castle Age
19:19 Double-Bit Axe
19:20 Horse Collar
21:21 Stone Mining
33:22 Town Watch
Bertinos
9:37 Loom
12:48 Feudal Age
19:55 Castle Age
20:12 Crossbowman
24:20 Double-Bit Axe
29:13 Bow Saw
cris
11:08 Loom
15:39 Feudal Age
19:36 Castle Age
17:58 Forging
17:37 Double-Bit Axe
18:53 Scale Barding Armor
20:16 Bloodlines
20:10 Light Cavalry
22:02 Horse Collar
26:23 Wheelbarrow
27:52 Husbandry
28:06 Gold Mining
28:30 Bow Saw
28:54 Fletching
30:14 Thumb Ring
30:24 Bodkin Arrow
32:22 Padded Archer Armor
34:05 Hand Cart
33:35 Town Watch
34:17 Ballistics
Connection lost

Rejoining the realm…

Still unreachable

The connection could not be restored.

Session expired

The server has moved on; the page needs a fresh start.